← All builds
Front / Cortex / Economy first / OBSERVED BUILD

Standard front

Cortex Front build order · Supreme Isthmus

The role's default economy-first play: Bot Lab right away, Advanced Metal Extractor around 9:12, transitioning into the usual Thug/Grunt/Aggravator mix to hold the wider gap and feed the middle.

#eco #defence · 188 distinct matches · 64 players · 62% of Cortex Front games · team won 45% of 191 · Recently observed

HOW TO PLAY IT

Key timing: Bot Lab by 0:40

  1. Take 3 mex, then wind before opening Bot Lab.
  2. Finish Bot Lab, start producing Thug, Grunt and Aggravator.
  3. Send early units to coast first to stop leaks, not straight to mid.
  4. Add Twin Guard and Radar Tower to hold the wider gap.
  5. Bring Advanced Metal Extractor online as army transitions to T2.

Phase by phase

TYPICAL OF ITS 188 GAMES
  1. 1
  2. 2
  3. 3
PLAY THE OPENING

Follow the example game's first 6:00 step by step: what to build now, what comes next, and where it goes. At 1× it keeps pace with your own game.

  1. 1

    Up to the Bot Lab

    Economy
    • Metal Extractor2Mex
    Order
    1. Bot LabBot Lab after 2 mex, 1 winddone ~0:40, middle half 0:33–0:46

    Some games also: wind (49%)

    By 0:24 in all: 2 mex

    The example game in this phase · 3 steps
    1. Mex ×2
    2. Wind
    3. Bot LabBot Labdone 0:41 · typical 0:40
  2. 2

    Bot Lab to 5:00

    Economy
    • Metal Extractor4Mex
    • Wind Turbine4Wind
    Builders
    • Construction Bot3 Con bot
    • Graverobber2 Graverobber
    Army
    • Guard2 Guard
    • Thug7 Thug
    • Aggravator5 Aggravator
    • Grunt4 Grunt

    Some games also: con turret (41%) · Radar Tower (35%)

    By 5:00 in all: 6 mex · 5 wind

    The example game in this phase · 38 steps
    1. Wind
    2. GruntGrunt ×2
    3. GraverobberGraverobber
    4. Wind ×3
    5. Construction BotCon bot ×2
    6. Mex
    7. Construction BotCon bot ×2
    8. Mex
    9. ThugThug
    10. AggravatorAggravator ×3
    11. Radar TowerRadar Tower
    12. AggravatorAggravator
    13. Mex
    14. AggravatorAggravator ×3
    15. Wind
    16. AggravatorAggravator
    17. Wind
    18. Mex
    19. AggravatorAggravator ×2
    20. GuardGuard
    21. Wind
    22. Converter
    23. Wind
    24. AggravatorAggravator
    25. Wind
    26. AggravatorAggravator
    27. Wind
    28. AggravatorAggravator
    29. Con turret
    30. AggravatorAggravator
    31. GuardGuard
    32. GraverobberGraverobber
    33. Radar TowerRadar Tower
    34. Wind
    35. GraverobberGraverobber
    36. Wind
    37. GraverobberGraverobber ×3
    38. AggravatorAggravator ×2
  3. 3

    5:00 to 10:00

    Economy
    • Metal Extractor1Mex
    • Wind Turbine17Wind
    Builders
    • Construction Turret2 Con turret
    • Graverobber2 Graverobber
    • Construction Bot2 Con bot
    Army
    • Guard1 Guard
    • Grunt7 Grunt
    • Thug2 Thug

    Some games also: aggravator (49%) · energy storage (41%) · Radar Tower (38%) · Twin Guard (36%) · converter (35%)

    By 10:00 in all: 7 mex · 24 wind · 3 con turret

    The example game in this phase · 165 steps
    1. AggravatorAggravator ×2
    2. Converter
    3. AggravatorAggravator
    4. Wind
    5. Converter
    6. AggravatorAggravator
    7. Wind
    8. AggravatorAggravator
    9. Wind
    10. Converter
    11. AggravatorAggravator
    12. Wind
    13. AggravatorAggravator
    14. Wind
    15. Converter
    16. AggravatorAggravator
    17. Wind
    18. AggravatorAggravator
    19. Converter
    20. WhistlerMissile truck
    21. Wind
    22. AggravatorAggravator ×2
    23. Converter
    24. Wind
    25. AggravatorAggravator
    26. GraverobberGraverobber
    27. AggravatorAggravator
    28. Wind
    29. AggravatorAggravator
    30. Wind
    31. AggravatorAggravator ×2
    32. Wind
    33. AggravatorAggravator
    34. Wind
    35. AggravatorAggravator
    36. Mex
    37. Wind
    38. AggravatorAggravator
    39. Wind
    40. AggravatorAggravator
    41. Wind
    42. AggravatorAggravator
    43. Wind
    44. AggravatorAggravator
    45. Wind
    46. AggravatorAggravator
    47. GraverobberGraverobber
    48. Wind
    49. GraverobberGraverobber ×2
    50. Wind
    51. RocketeerRocketeer
    52. GraverobberGraverobber
    53. AggravatorAggravator
    54. BeamerBeamer
    55. GraverobberGraverobber
    56. Wind
    57. AggravatorAggravator ×2
    58. Wind
    59. Mex
    60. AggravatorAggravator ×2
    61. Wind
    62. GuardGuard
    63. AggravatorAggravator ×2
    64. Wind
    65. AggravatorAggravator ×2
    66. Wind
    67. AggravatorAggravator
    68. Twin GuardTwin Guard
    69. Wind
    70. AggravatorAggravator
    71. GuardGuard
    72. Wind
    73. AggravatorAggravator ×2
    74. GuardGuard
    75. Wind
    76. AggravatorAggravator ×2
    77. GuardGuard
    78. Con turret
    79. Wind
    80. Construction BotCon bot
    81. Con turret
    82. Wind
    83. GuardGuard
    84. Construction BotCon bot
    85. Radar TowerRadar Tower
    86. Vehicle PlantVehicle Plantdone 10:12
    87. Wind
    88. Construction BotCon bot ×2
    89. RascalRascal
    90. Construction BotCon bot
    91. RascalRascal ×5
    92. Twin GuardTwin Guard
    93. RascalRascal ×2
    94. Converter
    95. RascalRascal
    96. SAMSAM
    97. RascalRascal ×3
    98. Converter
    99. RascalRascal
    100. Converter
    101. RascalRascal ×2
    102. Advanced Metal ExtractorT2 mexdone 11:47 · typical 9:12
    103. RascalRascal
    104. Mex
    105. RascalRascal
    106. Converter
    107. RascalRascal ×3
    108. Converter
    109. RascalRascal ×5
    110. Converter
    111. RascalRascal ×3
    112. Converter
    113. RascalRascal ×2
    114. Advanced Metal ExtractorT2 mex
    115. Converter
    116. RascalRascal ×6
    117. Converter
    118. RascalRascal ×2
    119. Advanced Metal ExtractorT2 mex
    120. RascalRascal
    121. Converter
    122. RascalRascal ×2
    123. Converter
    124. RascalRascal ×2
    125. Converter
    126. RascalRascal ×3
    127. Twin GuardTwin Guard
    128. RascalRascal ×8
    129. Advanced Metal ExtractorT2 mex
    130. RascalRascal ×2
    131. GuardGuard
    132. RascalRascal ×5
    133. GuardGuard
    134. RascalRascal ×4
    135. Radar TowerRadar Tower
    136. RascalRascal ×4
    137. ThistleThistle
    138. RascalRascal ×5
    139. Construction BotCon bot
    140. RascalRascal ×2
    141. Construction BotCon bot
    142. RascalRascal ×2
    143. Construction BotCon bot
    144. RascalRascal ×2
    145. Construction BotCon bot
    146. RascalRascal ×2
    147. Construction BotCon bot
    148. RascalRascal ×2
    149. Advanced Metal ExtractorT2 mex
    150. RascalRascal ×5
    151. Construction BotCon bot
    152. RascalRascal
    153. Construction BotCon bot
    154. RascalRascal ×2
    155. Construction BotCon bot
    156. RascalRascal ×2
    157. Construction BotCon bot
    158. RascalRascal
    159. Construction BotCon bot
    160. RascalRascal ×3
    161. Con turret
    162. RascalRascal ×3
    163. Con turret
    164. Advanced Metal ExtractorT2 mex
    165. RascalRascal

Counts are medians over the build's games: half of them build more, half fewer. The example game is [Crd]Acquati's (37 OS, 01/10/2026); pick another.

Team trades

IN AT LEAST 30% OF ITS GAMES

You hand over

Nothing regular.

You get

  • Tidal Generator4 Tidal from Pondfirst at 0:17 · in 67% of games
  • Advanced Construction Bot1 T2 con bot from Geo or Techfirst at 7:33 · in 66% of games

How it plays out

Typical game of this build, running totals by minute

Metal produced

010k20k30k
0:005:0010:0015:00

metal

Enemy metal destroyed

02.5k5k7.5k
0:005:0010:0015:00

metal

Own metal lost

05k10k
0:005:0010:0015:00

metal

191 games.

Show as table
ByMetal produced: This buildEnemy metal destroyed: This buildOwn metal lost: This build
1:0033100
2:0085800
3:0016238686
4:002684366326
5:003814938875
6:00505116511622
7:00631023642607
8:00765531393548
9:00902136104317
10:001084842455102
11:001278048825948
12:001495252076900
13:001730857597591
14:001971462628368
15:002249370189398
WHAT THE NUMBERS SAY

This build has the worst win rate of the roles shown and trails Suicide front on kills while losing nearly as much metal.

  • + Produces more metal than Suicide front by 15:00 (22286 vs 18297).
  • + T2 constructor lands slightly faster (7:41) than Suicide front's 8:07.
  • − Loses 9797 own metal by 15:00, close to what it destroys (6775).
  • − Wins only 40% of games, well below every other role shown.
THE EXAMPLE YOU ARE READING

[Crd]Acquati

36.7 OS · 01/10/2026

Open source match ↗

5 received units · includes a constructor
112 metal received · 3289 energy received

Allied construction assistance is unknown. Timings are observations, not a promise of solo reproducibility.

Typical milestones

Bot Lab0:40Middle 50%: 0:33–0:46 · n=179
Advanced Metal Extractor9:12Middle 50%: 8:11–10:29 · n=150

Played most by

Hummell20games of this buildwatermeloans19games of this buildiLike2Eco13games of this buildGeeGee11games of this buildErilium10games of this build